AoeStats
← Ale Torra

Arena

509410735Analyzed
3v3 RM · 6d ago on Sep 26, 2026· 63m 53s· 6 players
Game mode
Random Map
Map size
Normal (6 player)
Population
200
Speed
Normal
Resources
Standard
Victory
Conquest
Starting age
Dark Age
Ending age
Imperial Age
RankedLock teamsTeams togetherTeam positionsShared explorationLock speedFull tech treeHidden civsTurbo modeCheats
Victory
Defeat
🇪🇸 Mongols · Spain
1133
+13
🇪🇸 Poles · Spain
1069
+15
🇪🇸 Portuguese · Spain
1057
+16
🇫🇷 Franks · France
1086
-16
🇲🇽 Teutons · Mexico
1051
-14
🇲🇽 Cumans · Mexico
1037
-14
borraznajera
0:28 Loom
13:01 Feudal Age
14:22 Wheelbarrow
13:33 Town Watch
13:41 Gold Mining
13:44 Stone Mining
13:37 Horse Collar
13:45 Double-Bit Axe
27:23 Castle Age
25:53 Scale Barding Armor
25:48 Scale Mail Armor
25:59 Forging
27:10 Arson
28:50 Stone Shaft Mining
29:34 Bow Saw
29:35 Town Patrol
31:20 Stone Shaft Mining
32:00 Hand Cart
36:35 Heavy Plow
41:01 Imperial Age
39:00 Chain Barding Armor
40:04 Chain Mail Armor
40:25 Iron Casting
39:53 Squires
39:39 Gambesons
39:14 Pikeman
40:48 Bloodlines
41:45 Ballistics
41:16 Heated Shot
41:10 Cavalier
42:14 Conscription
42:15 Ironclad
42:35 Plate Barding Armor
42:31 Plate Mail Armor
43:02 Blast Furnace
43:05 Two-Man Saw
43:07 Chemistry
42:19 Fortified Wall
42:43 Crenellations
43:31 Crop Rotation
42:32 Paladin
43:50 Guard Tower
44:12 Masonry
44:08 Siege Engineers
45:28 Hoardings
46:18 Sappers
46:55 Caravan
47:25 Coinage
47:06 Guilds
51:54 Keep
54:04 Banking
56:11 Elite Skirmisher
56:56 Padded Archer Armor
56:47 Fletching
57:05 Halberdier
58:58 Leather Archer Armor
58:38 Bodkin Arrow
62:02 Ring Archer Armor
SAGAS9447
8:57 Loom
10:43 Feudal Age
15:37 Castle Age
14:18 Fletching
14:52 Double-Bit Axe
17:17 Bodkin Arrow
17:46 Bow Saw
21:22 Padded Archer Armor
24:15 Scale Barding Armor
26:00 Wheelbarrow
26:16 Chain Barding Armor
27:02 Bloodlines
27:28 Horse Collar
29:14 Heavy Plow
32:22 Imperial Age
31:02 Thumb Ring
30:25 Light Cavalry
31:11 Squires
32:12 Hand Cart
32:14 Gold Mining
33:11 Leather Archer Armor
34:06 Parthian Tactics
33:04 Hussar
34:37 Plate Barding Armor
34:55 Capped Ram
37:48 Chemistry
37:05 Forging
38:12 Devotion
38:18 Scale Mail Armor
38:55 Conscription
39:25 Heavy Cavalry Archer
41:19 Ring Archer Armor
41:48 Steppe Husbandry
43:24 Town Watch
44:43 Two-Man Saw
44:22 Guilds
45:16 Elite Skirmisher
46:59 Crop Rotation
50:20 Iron Casting
52:16 Hoardings
52:33 Fervor
54:47 Chain Mail Armor
56:07 Elite Kipchak
Lester
10:06 Feudal Age
12:19 Double-Bit Axe
12:28 Double-Bit Axe
14:48 Castle Age
22:18 Loom
23:21 Gold Mining
24:39 Wheelbarrow
23:51 Town Watch
26:41 Ballistics
25:45 Light Cavalry
27:44 Gold Shaft Mining
27:23 Bow Saw
27:34 Forging
30:08 Imperial Age
29:42 Husbandry
30:12 Cavalier
32:24 Scale Barding Armor
32:56 Iron Casting
35:28 Chemistry
35:00 Hand Cart
36:31 Chain Barding Armor
36:23 Treadmill Crane
36:54 Masonry
37:02 Stone Mining
37:16 Town Patrol
38:55 Fletching
39:42 Plate Barding Armor
39:24 Elite Throwing Axeman
41:09 Scale Mail Armor
42:58 Chain Mail Armor
43:43 Bodkin Arrow
44:51 Blast Furnace
44:22 Plate Mail Armor
46:09 Bodkin Arrow
46:15 Padded Archer Armor
46:48 Architecture
46:28 Elite Skirmisher
49:30 Leather Archer Armor
Ale Torra
11:06 Feudal Age
9:21 Loom
15:08 Castle Age
20:36 Double-Bit Axe
21:40 Fletching
28:09 Bodkin Arrow
28:43 Padded Archer Armor
30:18 Ballistics
33:33 Imperial Age
31:36 Bloodlines
32:26 Husbandry
34:28 Bracer
33:50 Elite Mangudai
34:52 Conscription
35:41 Chemistry
35:07 Parthian Tactics
35:06 Leather Archer Armor
37:19 Thumb Ring
42:10 Coinage
44:30 Wheelbarrow
43:41 Town Watch
44:45 Banking
44:31 Bow Saw
44:05 Horse Collar
44:16 Gold Mining
44:19 Stone Mining
Filipo
0:28 Loom
12:05 Feudal Age
19:16 Fletching
21:52 Castle Age
30:14 Bodkin Arrow
36:41 Double-Bit Axe
45:15 Imperial Age
43:16 Ballistics
42:51 Horse Collar
46:17 Wheelbarrow
46:34 Murder Holes
49:11 Heavy Plow
49:30 Bow Saw
51:26 Chemistry
50:39 Forging
50:30 Scale Mail Armor
52:02 Pikeman
55:19 Iron Casting
56:44 Bracer
58:43 Halberdier
64:30 Blast Furnace
63:46 Chain Mail Armor
Sir Charles
4:56 Loom
12:33 Feudal Age
16:50 Castle Age
24:31 Fletching
31:34 Husbandry
31:44 Bloodlines
31:31 Double-Bit Axe
32:11 Scale Barding Armor
32:13 Gold Mining
32:40 Horse Collar
34:45 Szlachta Privileges
35:12 Chain Barding Armor
37:06 Forging
39:09 Wheelbarrow
41:32 Imperial Age
43:11 Conscription
42:47 Cavalier
45:33 Hand Cart
46:51 Heavy Plow
51:02 Crop Rotation
53:06 Iron Casting
57:54 Lechitic Legacy
59:08 Light Cavalry
61:24 Winged Hussar
Connection lost

Rejoining the realm…

Still unreachable

The connection could not be restored.

Session expired

The server has moved on; the page needs a fresh start.